 Dungeon Crawl Stone Soup version 0.30.0-5-g1a98f26d00 (webtiles) character file.

Game seed: 1233871308361363336

16184 jimonade the Martial Artist (level 12, -2/86 HPs)
             Began as a Demonspawn Monk on May 10, 2023.
             Slain by a catoblepas (23 damage)
             ... on level 3 of the Lair of Beasts.
             The game lasted 00:30:46 (11763 turns).

jimonade the Martial Artist (Demonspawn Monk)      Turns: 11763, Time: 00:30:47

Health: -2/86      AC: 12    Str: 15    XL:     12   Next: 7%
Magic:  12/12      EV: 24    Int: 12    God:
Gold:   1140       SH:  4    Dex: 17    Spells: 11/11 levels left

rFire   . .          .
                       - Unarmed
rCold   . . .        d - orb {light}
rNeg    . . .        j - +0 swamp dragon scales
rPois   +            B - +1 helmet
rElec   .            z - +0 cloak
rCorr   .            (gloves unavailable)
SInv    .            (no boots)
Will    .....        S - amulet of the acrobat
Stlth   +            f - +5 ring of evasion
HPRegen 0.34/turn    H - +5 ring of evasion
MPRegen 0.13/turn

%: acrobat
@: glowing
A: claws 3, large bone plates 1, powered by pain 1, spiny 1
a: no special abilities


You were on level 3 of the Lair of Beasts.
You visited 3 branches of the dungeon, and saw 14 of its levels.
You also visited: Sewer and Bailey.

You collected 1306 gold pieces.
You spent 166 gold pieces at shops.

Inventory:

Hand Weapons
 a - a +2 hand axe of flaming
Missiles
 k - 27 poisoned darts
 n - 12 curare-tipped darts (quivered)
 q - 8 atropa-tipped darts
 J - a silver boomerang
 N - 3 throwing nets
 Y - 23 boomerangs
Armour
 d - an orb of light (worn)
 j - +0 swamp dragon scales (worn)
 o - a +4 scale mail of cold resistance
 z - a +0 cloak (worn)
 B - a +1 helmet (worn)
 P - +0 steam dragon scales
Jewellery
 b - a ring of protection from fire
 f - a +5 ring of evasion (left claw)
 p - a ring of willpower
 H - a +5 ring of evasion (right claw)
 Q - a ring of protection from fire
 R - an amulet of magic regeneration
 S - an amulet of the acrobat (around neck)
 U - a ring of resist corrosion
Wands
 h - a wand of iceblast (10)
 m - a wand of paralysis (1)
 D - a wand of mindburst (23)
 G - a wand of acid (3)
 W - a wand of flame (8)
 X - a wand of digging (5)
Scrolls
 e - 6 scrolls of teleportation
 g - 2 scrolls of noise
 s - a scroll of vulnerability
 t - a scroll of torment
 v - 3 scrolls of enchant armour
 y - 2 scrolls of fog
 C - 2 scrolls of blinking
 L - 5 scrolls of amnesia
 M - a scroll of poison
 T - a scroll of fear
Potions
 c - 3 potions of lignification
 i - 3 potions of heal wounds
 l - a potion of haste {unknown}
 r - 3 potions of magic
 u - a potion of berserk rage
 w - 2 potions of mutation {unknown}
 x - 8 potions of curing
 A - 2 potions of flight {unknown}
 E - 3 potions of might
 F - 4 potions of attraction {unknown}
 K - 2 potions of brilliance {unknown}
 O - 2 potions of ambrosia
 Z - a potion of invisibility {unknown}


   Skills:
 + Level 5.2 Fighting
 - Level 2.9 Axes
 + Level 6.0 Armour
 + Level 7.3 Dodging
 + Level 4.0 Shields
 + Level 14.4 Unarmed Combat


You had 11 spell levels left.
You didn't know any spells.
Your spell library contained the following spells:

 Spells                   Type           Power      Damage    Failure   Level
 Ensorcelled Hibernation  Hex/Ice        0%         N/A       65%         2
 Passwall                 Tmut/Erth      0%         N/A       65%         2
 Dazzling Flash           Conj/Hex       0%         N/A       87%         3
 Swiftness                Air            0%         N/A       87%         3
 Tukima's Dance           Hex            0%         N/A       87%         3
 Volatile Blastmotes      Fire/Tloc      0%         2d10      87%         3
 Anguish                  Hex/Necr       0%         N/A       99%         4
 Cause Fear               Hex            0%         N/A       99%         4
 Iskenderun's Mystic Bla  Conj/Tloc      0%         2d3       99%         4
 Passage of Golubria      Tloc           0%         N/A       99%         4
 Silence                  Hex/Air        0%         N/A       100%        5
 Yara's Violent Unravell  Hex/Tmut       0%         3d3       100%        5
 Starburst                Conj/Fire      0%         6d3       100%        6
 Dragon Form              Tmut           0%         N/A       100%        7
 Enfeeble                 Hex            0%         N/A       100%        7
 Lehudib's Crystal Spear  Conj/Erth      0%         10d2      100%        8
 Dragon's Call            Summ           0%         N/A       100%        9


Dungeon Overview and Level Annotations

Branches:
Dungeon (10/15)            Temple (1/1) D:7            Lair (3/5) D:8
  Swamp (0/4) Lair:2        Sewer (visited)          Bailey (visited)
  Snake: Lair:2-3    Spider: Lair:2-3       Orc: D:9-12

Altars:
Ashenzari
Cheibriados
Dithmenos
Fedhas
Hepliaklqana
Kikubaaqudgha
Makhleb
Nemelex Xobeh
Okawaru
Qazlal
Sif Muna
Trog
Uskayaw
Vehumet
Wu Jian
Xom
Yredelemnul

Shops:
D:3 (   D:8 *

Annotations:
D:2 1 runed translucent door, Crazy Yiuf
D:9 2 runed translucent doors


Innate Abilities, Weirdness & Mutations

You have claws for hands.
You are partially covered in large bone plates. (SH +4)
You sometimes gain a little power by taking damage.
You are partially covered in sharp spines.


Message History

H - a +5 ring of evasion (right claw)
You feel a little less mighty now.
h - a wand of iceblast (10) (gained 5 charges)
You hear the rumble of an avalanche of rocks.
i - 3 potions of heal wounds (gained 1)
Found a wand of iceblast (6).
A catoblepas comes into view.
The catoblepas bellows!
The catoblepas breathes a plume of calcifying dust at you.
The blast of calcifying dust hits you. You block the catoblepas's attack.
You claw the catoblepas!
The catoblepas is lightly wounded.
You claw the catoblepas!
The catoblepas is moderately wounded.
The catoblepas breathes a plume of calcifying dust at you.
The blast of calcifying dust hits you.
The catoblepas breathes a plume of calcifying dust at you.
The blast of calcifying dust hits you.
The catoblepas attacks as you move away!
The catoblepas completely misses you.
You scratch the catoblepas but do no damage.
The catoblepas is moderately wounded.
The catoblepas is struck by your spines.
The catoblepas barely misses you.
You scratch the catoblepas.
The catoblepas is moderately wounded.
The catoblepas breathes a plume of calcifying dust at you.
The blast of calcifying dust hits you.
You scratch the catoblepas but do no damage.
The catoblepas is moderately wounded.
You claw the catoblepas!
The catoblepas is heavily wounded.
The catoblepas gores you!!
* * * LOW HITPOINT WARNING * * *
You scratch the catoblepas but do no damage.
The catoblepas is heavily wounded.
The catoblepas is struck by your spines.
The catoblepas gores you!!
You die...

. #......##..##..... ..
##................ .....#P.....
..........
.........§.###......... P...
##..#.#.#.........
P...##....#.#.#.P......
#....§§................
....§§§§§§Y.######.....
.........@### ... ../.....### .
#....P..# #.......# #.P.....#
#.......# ### #.......## ##.#
#.#......#### #..# #
######.##........###########.P#


You could see a catoblepas.

Vanquished Creatures
  Erica (Lair:2)
  A skyshark (Lair:3)
  The ghost of Exaltedone87 the Covered, a novice AtFi (D:5)
  2 black mambas (Lair:2)
  7 cane toads
  A gargoyle (D:10)
  Maggie (Lair:2)
  3 komodo dragons (Lair:2)
  Grinder (D:4)
  8 blink frogs
  A wyvern (Lair:3)
  16 yaks
  A basilisk (D:8)
  A steam dragon (D:8)
  5 vampire mosquitoes (D:10)
  8 water moccasins
  4 sky beasts
  3 ice beasts
  11 orc warriors
  2 black bears
  3 centaurs
  2 ogres (D:5)
  7 kobold brigands
  8 bullfrogs
  A gnoll sergeant (D:10)
  3 scorpions
  4 wights
  5 killer bees (D:7)
  4 howler monkeys
  3 hounds
  2 orc priests
  A jelly (D:7)
  6 iguanas
  4 orc wizards
  Ijyb (D:4)
  2 hound zombies (D:5)
  Robin (D:3)
  13 adders
  14 gnolls
  3 shadow imps (D:7)
  A white imp (D:7)
  A worm (D:2)
  3 dart slugs
  25 orcs
  7 bats
  12 endoplasms
  11 giant cockroaches
  20 goblins
  15 hobgoblins
  2 jackals (D:4)
  7 quokkas
  10 ball pythons
  11 frilled lizards
  22 kobolds
  3 rats
315 creatures vanquished.

Notes
Turn   | Place    | Note
-------+----------+-------------------------------------------
     0 | D:1      | jimonade the Demonspawn Monk began the quest for the Orb.
     0 | D:1      | Reached XP level 1. HP: 18/18 MP: 1/1
    88 | D:1      | Gained mutation: You have sharp fingernails. [demonic
                  | ancestry]
    88 | D:1      | Reached XP level 2. HP: 19/24 MP: 2/2
   980 | D:2      | Gained mutation: You are partially covered in sharp spines.
                  | [demonic ancestry]
   980 | D:2      | Reached XP level 3. HP: 27/29 MP: 3/3
  1150 | D:2      | Reached skill level 1 in Unarmed Combat
  1337 | D:2      | Reached XP level 4. HP: 35/36 MP: 4/4
  1505 | D:2      | Found a runed translucent door.
  1506 | D:2      | Noticed Crazy Yiuf
  1764 | D:3      | You fall into a shaft and drop 1 floor!
  1870 | D:3      | Found Cinez's Weapon Emporium.
  1903 | D:3      | Reached skill level 2 in Unarmed Combat
  2093 | D:3      | Gained mutation: You have very sharp fingernails. [demonic
                  | ancestry]
  2093 | D:3      | Reached XP level 5. HP: 38/41 MP: 5/5
  2306 | D:3      | Found a stormy altar of Qazlal.
  2308 | D:3      | Noticed an air elemental
  2309 | D:3      | Noticed a fire elemental
  2309 | D:3      | Noticed a water elemental
  2714 | D:4      | Reached skill level 1 in Armour
  2714 | D:4      | Reached skill level 3 in Unarmed Combat
  2835 | D:4      | Noticed Robin
  2870 | D:3      | Killed Robin
  2897 | D:4      | Noticed Ijyb
  2903 | D:4      | Killed Ijyb
  2926 | D:4      | Found a hide-covered altar of Uskayaw.
  2945 | D:4      | Found a sparkling altar of Nemelex Xobeh.
  3012 | D:4      | Noticed Grinder
  3034 | D:4      | Killed Grinder
  3035 | D:4      | Reached skill level 4 in Unarmed Combat
  3035 | D:4      | Reached XP level 6. HP: 35/48 MP: 6/6
  3194 | D:5      | Entered Level 5 of the Dungeon
  3220 | D:5      | Reached XP level 7. HP: 33/53 MP: 7/7
  3387 | D:5      | Noticed a yak
  3398 | D:5      | Reached skill level 5 in Unarmed Combat
  3399 | D:5      | Noticed a yak
  3422 | D:5      | Killed a yak
  3423 | D:5      | Killed a yak
  3424 | D:5      | Reached XP level 8. HP: 36/60 MP: 8/8
  3427 | D:5      | Found a glowing drain.
  3436 | Sewer    | Entered a sewer
  3554 | Sewer    | Reached skill level 6 in Unarmed Combat
  3807 | D:5      | Reached skill level 7 in Unarmed Combat
  3921 | D:5      | Found Zin's Purification Station.
  3933 | D:5      | Reached skill level 5 in Dodging
  3954 | D:5      | Bought a potion of curing for 90 gold pieces
  4089 | D:5      | Found a runed translucent gate.
  4089 | D:5      | Found a runed translucent gate.
  4089 | D:5      | Found a runed translucent gate.
  4089 | D:5      | Noticed Exaltedone87's ghost (novice AtFi)
  4091 | D:5      | Found a basalt altar of Yredelemnul.
  4104 | D:5      | Reached skill level 8 in Unarmed Combat
  4119 | D:5      | Killed Exaltedone87's ghost
  4120 | D:5      | Gained mutation: You are partially covered in large bone
                  | plates. (SH +4) [demonic ancestry]
  4120 | D:5      | Reached XP level 9. HP: 65/65 MP: 9/9
  4456 | D:6      | Found an iron altar of Okawaru.
  4624 | D:6      | Found a broken altar of Ashenzari.
  4737 | D:6      | Reached skill level 9 in Unarmed Combat
  5039 | D:6      | Found a shadowy altar of Dithmenos.
  5357 | D:7      | Reached skill level 5 in Armour
  5475 | D:7      | Found an ancient bone altar of Kikubaaqudgha.
  5544 | D:7      | Found a staircase to the Ecumenical Temple.
  5550 | Temple   | Entered the Ecumenical Temple
  5690 | D:7      | Reached skill level 10 in Unarmed Combat
  5946 | D:7      | Reached skill level 1 in Shields
  6017 | D:7      | Gained mutation: You have claws for hands. [demonic
                  | ancestry]
  6017 | D:7      | Reached XP level 10. HP: 61/73 MP: 10/10
  6566 | D:8      | Found a staircase to the Lair.
  7514 | D:8      | Found Memeanal's CLEARANCE SALE!.
  7524 | D:8      | Bought a scroll of identify for 4 gold pieces
  7524 | D:8      | Bought an amulet of the acrobat for 60 gold pieces
  7524 | D:8      | Bought a scroll of identify for 4 gold pieces
  7524 | D:8      | Bought a scroll of fear for 8 gold pieces
  7924 | D:9      | Found a large runed translucent door.
  7925 | D:9      | Found a large runed translucent door.
  8140 | D:9      | Found a radiant altar of Vehumet.
  8301 | D:9      | Reached skill level 11 in Unarmed Combat
  8468 | D:10     | Entered Level 10 of the Dungeon
  8575 | D:10     | Found a flagged portal.
  8587 | Bailey   | Entered a bailey
  8863 | Bailey   | Reached skill level 12 in Unarmed Combat
  9010 | Bailey   | Found a bloodstained altar of Trog.
  9118 | D:10     | Found an ornate altar of the Wu Jian Council.
  9133 | D:10     | Reached XP level 11. HP: 78/78 MP: 11/11
  9646 | Lair:1   | Entered Level 1 of the Lair of Beasts
 10613 | Lair:2   | Found a staircase to the Swamp.
 10620 | Lair:2   | Identified the +4 whip "Koqous" {spect, rC+ Dex+3}
 10629 | Lair:2   | Noticed Maggie
 10637 | Lair:2   | Killed Maggie
 10638 | Lair:2   | Reached skill level 13 in Unarmed Combat
 11001 | Lair:2   | Reached skill level 5 in Fighting
 11040 | Lair:2   | Reached skill level 14 in Unarmed Combat
 11333 | Lair:2   | Noticed Erica
 11335 | Lair:2   | Paralysed by Erica for 2 turns
 11344 | Lair:2   | Killed Erica
 11638 | Lair:3   | Noticed a skyshark
 11650 | Lair:3   | Killed a skyshark
 11651 | Lair:3   | Gained mutation: You sometimes gain a little power by
                  | taking damage. [demonic ancestry]
 11651 | Lair:3   | Reached XP level 12. HP: 72/86 MP: 12/12
 11742 | Lair:3   | Noticed a catoblepas
 11763 | Lair:3   | Slain by a catoblepas

Illustrated notes

Levels and vault maps discovered:
D:1:      dpeg_arrival_morbid_curiosity, layout_loops_ring,
          chequers_serial_rivers_small_a, minmay_pentomino_r2
D:2:      layout_basic, uniq_crazy_yiuf_cottage
D:3:      layout_basic, nicolae_qazlal_style_of_elements, serial_shops,
          nicolae_shop_bloodbath_and_beyond, minivault_19
D:4:      layout_basic, mainiacjoe_overflow_alcove_4,
          eat_drink_and_be_merry_uskayaw, uniq_robin, uniq_ijyb, uniq_grinder
D:5:      layout_loops_ring, nicolae_yredelemnul_ghost_church, zin_purify,
          portal_sewer_entry_d
D:6:      layout_loops_ring, mainiacjoe_overflow_alcove_1,
          nicolae_dithmenos_the_darkroom, lemuel_doored_altar,
          minmay_misc_feat_plants, kennysheep_generic_room_4
D:7:      layout_rooms, kennysheep_mini_moat, minmay_temple_entry_hall,
          grunt_ministairs_14, corexii_leaking_fountain, minmay_diced_spiral
D:8:      layout_layer_cave, lair_entry_dummy, nicolae_shop_clearance
D:9:      layout_loops_ring, overflow_temple_1_default, vehumet_altar_wand_db,
          jmf_multi_god_temple2
D:10:     layout_cave_pools, amcnicky_altar_gilded,
          lightli_bailey_entry_fortress
Temple:   hellmonk_temple_beads
Lair:1:   layout_cave_pods
Lair:2:   layout_misc_corridors, swamp_mist, serial_bayou_shore_b, uniq_maggie,
          uniq_erica
Lair:3:   layout_gridlike, spider_nest_entry_webs, nicolae_volcano_entry_s_turn,
          lemuel_centaur_altar

Skill      XL: |  1  2  3  4  5  6  7  8  9 10 11 12 |
---------------+-------------------------------------+-----
Dodging        | 3 4 5 6 7 |  7.3
Unarmed Combat | 1 2 4 5 8 10 12 14 | 14.4
Armour         | 2 3 4 5 6 |  6.0
Fighting       | 4 5 |  5.2
Shields        | 1 3 4 |  4.0
Axes           | |  2.9

Action                     |  1- 3 |  4- 6 |  7- 9 | 10-12 || total
---------------------------+-------+-------+-------+-------++-------
  Melee: Hand axe          |    16 |       |       |       ||    16
         Unarmed           |    84 |   107 |   262 |   387 ||   840
  Throw: Dart              |       |       |       |     1 ||     1
    Use: Potion            |     1 |       |     1 |       ||     2
         Scroll            |       |     4 |     7 |     7 ||    18
   Stab: Distracted        |       |       |       |     1 ||     1
 Armour: Robe              |    11 |       |       |       ||    11
         Ring mail         |     8 |    15 |    45 |       ||    68
         Plate armour      |       |       |    26 |    20 ||    46
         Steam dragon scal |       |       |       |    13 ||    13
         Swamp dragon scal |       |       |       |     8 ||     8
  Dodge: Dodged            |    99 |    76 |   139 |   283 ||   597
  Block: Orb               |       |       |    19 |    59 ||    78
